Cogmind - Beta 9.6 @@@ ROGUE MODE // 2020.05.19 @ 23:36:55 Player: Ctrl_Alt_X Result: Destroyed by D-53 Grenadier with Mini Grenade Launcher Performance ------------- Evolutions (1) 500 Regions Visited (4) 800 Robots Destroyed (40) 200 Value Destroyed (595) 595 Prototype IDs (2) 40 Alien Tech Used (0) 0 Bonus (-133) -133 TOTAL SCORE: 2002 Bonus ------- High Alert Combat Kills 27 Follower Combat Kills 156 Friendly Fire -316 Cogmind --------- Core Integrity 0/400 Matter 230/300 Energy 98/100 System Corruption 0% Temperature Cool (0) Movement Core (50) Location -9/Mines Parts ------- > --- POWER (1) -------- (None) > --- PROPULSION (2) --- (None) > --- UTILITY (4) ------ (None) > --- WEAPON (2) ------- (None) > --- INVENTORY (4) ---- Heavy Ion Engine Aluminum Leg Medium Laser Gatling Laser Peak State ------------ > --- POWER ------------ Heavy Ion Engine > --- PROPULSION ------- Armored Wheel Armored Wheel > --- UTILITY ---------- Large Storage Unit Visual Processing Unit Improved Targeting Computer Improved Shield Generator > --- WEAPON ----------- Gauss Cannon Bore Cannon > --- INVENTORY -------- Heavy Ion Engine Aluminum Leg Improved Aluminum Leg Experimental Sensor Array Lightning Gun Medium Laser Medium Laser Gatling Laser Improved Light Cannon [Rating: 27] Favorites ----------- Power Light Ion Engine Engine Light Ion Engine Power Core Light Nuclear Core Propulsion Armored Wheel Wheel Armored Wheel Utility Large Storage Unit Device Improved Shield Generator Storage Large Storage Unit Processor Visual Processing Unit Weapon Particle Gun Energy Gun Particle Gun Energy Cannon Beam Cannon Ballistic Gun Light Assault Rifle Ballistic Cannon Improved Light Cannon Launcher Rocket Launcher Build | -11 -10 -10 -9 -9 ------- Run | Scr Mat Min Mat Min Slots Evolved 2 | . . . 2 . Power . | . . . . . Propulsion . | . . . . . Utility 2 | . . . 2 . Weapon . | . . . . . Parts Attached 33 | 5 2 7 7 12 Power 5 | 1 . 1 3 . Engine 4 | 1 . . 3 . Core 1 | . . 1 . . Reactor . | . . . . . Propulsion 6 | 2 . 2 . 2 Treads . | . . . . . Leg . | . . . . . Wheel 6 | 2 . 2 . 2 Hover . | . . . . . Flight . | . . . . . Utility 6 | 1 . 2 2 1 Device 2 | . . 1 . 1 Storage 2 | 1 . 1 . . Processor 2 | . . . 2 . Hackware . | . . . . . Protection . | . . . . . Artifact . | . . . . . Weapon 16 | 1 2 2 2 9 Energy Gun 7 | 1 2 1 . 3 Energy Cannon 1 | . . . 1 . Ballistic Gun 1 | . . 1 . . Ballistic Cannon 4 | . . . 1 3 Launcher 3 | . . . . 3 Special Weapon . | . . . . . Impact Weapon . | . . . . . Slashing Weapon . | . . . . . Piercing Weapon . | . . . . . Special Melee Weapon . | . . . . . Unidentified Prototypes 2 | . . 1 1 . Parts Lost 13 | . . 3 2 8 Power 3 | . . 1 1 1 Propulsion 3 | . . . . 3 Utility 1 | . . . . 1 Weapon 6 | . . 2 1 3 Highest Loss Streak 4 | . . 3 1 4 Average Slot Usage (%) 80 | . 78 81 76 83 Engine 8 | . 14 5 7 9 Core 3 | . . 8 2 . Wheel 24 | . 28 28 22 20 Storage 12 | . 14 14 11 10 Processor 7 | . . . 11 20 Energy Gun 15 | . 21 18 7 13 Energy Cannon 1 | . . . 3 2 Ballistic Gun 3 | . . 5 5 . Ballistic Cannon 1 | . . . 5 2 Naked Turns 25 | . . . . 25 Heaviest Build 32 | 9 12 25 31 32 Greatest Support 32 | 32 32 32 24 24 Greatest Overweight (x) 1 | . . 1 1 1 Average Overweight (x) . | . . . . . Largest Inventory Capacity 12 | 6 6 12 10 10 Average Capacity 8 | 5 6 7 10 9 Most Carried 10 | 5 6 6 10 10 Average Carried 6 | 3 5 5 8 7 Final Capacity 10 | 6 6 10 10 4 Final Carried 8 | 5 6 5 8 4 Class Distribution -------------------- 100% | Mutant Dominant Class ---------------- Mutant | -10/Materials Mutant | -10/Mines Mutant | -9/Materials Mutant | -9/Mines Resources | -11 -10 -10 -9 -9 ----------- Run | Scr Mat Min Mat Min Matter Collected 646 | 234 26 65 78 243 Remotely . | . . . . . Salvage Created 880 | . 53 137 535 155 Parts 45 | . 4 10 20 11 Haulers Intercepted 2 | . . . 2 . Recyclers Shooed 1 | . . 1 . . Parts Field Recycled . | . . . . . Retrieved Matter . | . . . . . Parts Self-Destructed . | . . . . . Prevented . | . . . . . Kills | -11 -10 -10 -9 -9 ------- Run | Scr Mat Min Mat Min Combat Hostiles Destroyed 31 | . 1 5 6 19 Guns 13 | . 1 5 5 2 Cannons 1 | . . . 1 . AOE 17 | . . . . 17 Classes Destroyed 9 | . 2 1 4 2 Builder 3 | . 1 . 1 1 Hauler 2 | . . . 2 . Recycler 2 | . . . 2 . Watcher 1 | . . . 1 . Swarmer 3 | . . 3 . . Grunt 11 | . 1 2 6 2 Duelist 1 | . . . . 1 Sentry 1 | . . . 1 . Assembled 16 | . . . . 16 Best Kill Streak 18 | . 1 3 4 18 Combat Bots Only 16 | . 1 3 3 16 Max Kills in Single Turn 7 | . 1 1 4 7 Gunslinging . | . . . . . Exploded 7 | . . . . 7 Melee . | . . . . . Uniques/NPCs Destroyed . | . . . . . Combat | -11 -10 -10 -9 -9 -------- Run | Scr Mat Min Mat Min Damage Taken 1748 | . 10 257 430 1051 Core 450 | . 10 27 89 324 Absorbed by Shields 38 | . . . . 38 Core Remaining (%) 92 | 100 . 85 . . Volleys Fired 86 | . 4 20 35 27 Largest 2 | . 2 2 2 2 Hottest 130 | . 90 130 104 105 Shots Fired 138 | . 5 32 61 40 Gun 104 | . 5 32 49 18 Cannon 23 | . . . 12 11 Launcher 11 | . . . . 11 Special . | . . . . . Kinetic 44 | . . . 35 9 Thermal 71 | . 4 21 26 20 Explosive 11 | . . . . 11 Electromagnetic 12 | . 1 11 . . Robot Hit Streak 7 | . 5 6 7 5 Robot Miss Streak 4 | . . 4 2 2 Penetration Max . | . . . . . Secondary Targets 1 | . . . . 1 Max Gunslinging Chain 1 | . . . . 1 Shots Hit Robots 82 | . 5 17 38 22 Core Hits 84 | . 3 8 27 46 Critical Hits 1 | . . . . 1 Critical Kills . | . . . . . Critical Parts Destroyed 1 | . . . . 1 Melee Attacks . | . . . . . Impact . | . . . . . Slashing . | . . . . . Piercing . | . . . . . Sneak Attacks . | . . . . . Combat Hostiles . | . . . . . Follow-up Attacks . | . . . . . Damage Inflicted 2963 | . 65 250 1027 1621 Guns 898 | . 65 250 416 167 Cannons 291 | . . . 168 123 Explosions 1774 | . . . 443 1331 Melee . | . . . . . Ramming . | . . . . . Kinetic 417 | . . . 294 123 Thermal 970 | . 50 161 592 167 Explosive 1331 | . . . . 1331 Electromagnetic 245 | . 15 89 141 . Impact . | . . . . . Slashing . | . . . . . Piercing . | . . . . . Highest Corruption . | . . . . . Average Corruption . | . . . . . Corruption Purged . | . . . . . Overload Shots . | . . . . . Overflow Damage 141 | . . . 104 37 Projectiles 11 | . . . 11 . Explosions 130 | . . . 93 37 Melee . | . . . . . Knockbacks . | . . . . . Impact . | . . . . . Kinetic . | . . . . . Secondary . | . . . . . Self-Inflicted Damage 126 | . . . 45 81 Shots 3 | . . . 1 2 Rammed . | . . . . . Targets Rammed . | . . . . . Kicked . | . . . . . Crushed . | . . . . . Highest Temperature 294 | . 36 234 250 294 Average Temperature 95 | . 15 96 102 94 Received Heat Transfer 342 | . 6 126 162 48 Effects 1 | . . 1 . . Energy Bleed 1 | . . 1 . . Siege Activations . | . . . . . Robots Corrupted . | . . . . . Combat Hostiles . | . . . . . Parts Fried 1 | . . . 1 . Impact Corruptions . | . . . . . Robots Melted . | . . . . . Combat Hostiles . | . . . . . Parts Melted 2 | . . . 2 . Heat Transferred 1915 | . 148 370 916 481 Parts Sabotaged . | . . . . . Parts Stolen . | . . . . . Parts Stripped . | . . . . . Power Chain Reactions 1 | . . . 1 . Missiles Intercepted . | . . . . . Alert | -11 -10 -10 -9 -9 ------- Run | Scr Mat Min Mat Min Peak Influence 470 | . 68 116 470 218 Average Influence 135 | . 38 62 338 134 Maximum Alert Level 2 | . . . 2 1 Low Security (%) 75 | 100 100 100 22 69 Level 1 11 | . . . 18 30 Level 2 13 | . . . 58 . Level 3 . | . . . . . Level 4 . | . . . . . Level 5 . | . . . . . High Security . | . . . . . Max Security . | . . . . . Squads Dispatched 6 | . 2 . 2 2 Investigation 3 | . 1 . . 2 Extermination . | . . . . . Reinforcement 3 | . 1 . 2 . Assault . | . . . . . Garrison . | . . . . . Intercept . | . . . . . Construction Impeded 1 | . . . 1 . Haulers Reinforced . | . . . . . Stealth | -11 -10 -10 -9 -9 --------- Run | Scr Mat Min Mat Min Distress Signals 3 | . . . 3 . Communications Jammed . | . . . . . Distress Signals . | . . . . . Times Spotted 57 | . 4 7 20 26 Peak Tracking Total 14 | . 1 3 5 14 Tactical Retreats 2 | . . 2 . . Traps | -11 -10 -10 -9 -9 ------- Run | Scr Mat Min Mat Min Traps Triggered . | . . . . . Indirectly . | . . . . . Trap Hack Attempts . | . . . . . Triggered . | . . . . . Disarmed . | . . . . . Reprogrammed . | . . . . . Reused . | . . . . . Traps Extracted . | . . . . . Installed . | . . . . . Triggered . | . . . . . Machines | -11 -10 -10 -9 -9 ---------- Run | Scr Mat Min Mat Min Machines Disabled 6 | . . . 6 . Max in Single Turn 3 | . . . 3 . Machines Sabotaged . | . . . . . Garrisons Compromised . | . . . . . Overloaded Fab Kills . | . . . . . Fab Network Shutdowns . | . . . . . Hacking | -11 -10 -10 -9 -9 --------- Run | Scr Mat Min Mat Min Machines Accessed 5 | . 3 . . 2 Terminals 4 | . 3 . . 1 Fabricators . | . . . . . Repair Stations . | . . . . . Recycling Units . | . . . . . Scanalyzers . | . . . . . Garrison Access . | . . . . . Total Hacks 20 | . 14 . . 6 Successful 10 | . 6 . . 4 Failed 10 | . 8 . . 2 Catastrophic 1 | . . . . 1 Database Lockouts . | . . . . . Manual 15 | . 10 . . 5 Terminals 19 | . 14 . . 5 Fabricators . | . . . . . Repair Stations . | . . . . . Recycling Units . | . . . . . Scanalyzers . | . . . . . Garrison Access . | . . . . . Terminal Hacks 7 | . 4 . . 3 Robot Analysis 1 | . 1 . . . Open Door 1 | . . . . 1 Terminal Index 2 | . 1 . . 1 Unreport Threat 1 | . . . . 1 Dispatch Records 1 | . 1 . . . Zone Layout 1 | . 1 . . . Fabricator Hacks . | . . . . . Repair Station Hacks . | . . . . . Recycling Unit Hacks . | . . . . . Scanalyzer . | . . . . . Garrison Access Hacks . | . . . . . Unauthorized Hacks 3 | . 2 . . 1 Terminals 3 | . 2 . . 1 Botnet 3 | . 2 . . 1 Fabricators . | . . . . . Repair Stations . | . . . . . Recycling Units . | . . . . . Scanalyzers . | . . . . . Garrison Access . | . . . . . Data Cores Recovered . | . . . . . Used . | . . . . . Hacking Detections 4 | . 3 . . 1 Full Trace Events 2 | . 1 . . 1 Feedback Events . | . . . . . Feedback Blocked . | . . . . . Robot Schematics Acquired . | . . . . . Robots Built . | . . . . . Matter . | . . . . . Time . | . . . . . Total Robot Build Rating . | . . . . . Part Schematics Acquired . | . . . . . Parts Built . | . . . . . Matter . | . . . . . Time . | . . . . . Total Part Build Rating . | . . . . . Parts Repaired . | . . . . . Time . | . . . . . Parts Recycled . | . . . . . Recycled Matter . | . . . . . Retrieved Matter . | . . . . . Retrieved Components . | . . . . . Parts Scanalyzed . | . . . . . Part Schematics Acquired . | . . . . . Parts Damaged . | . . . . . Bothacking | -11 -10 -10 -9 -9 ------------ Run | Scr Mat Min Mat Min Used RIF Installer . | . . . . . Robots Hacked . | . . . . . Non-combat . | . . . . . Combat . | . . . . . Robot Hacks Applied . | . . . . . Relay Couplers Released . | . . . . . Robots Rewired . | . . . . . Allies Hacked . | . . . . . Hacks Repelled . | . . . . . Allies | -11 -10 -10 -9 -9 -------- Run | Scr Mat Min Mat Min Total Allies 3 | . . 3 . . Largest Group 3 | . . 3 3 . Highest-Rated Group 40 | . . 40 40 . Highest-Rated Ally 16 | . . 16 16 . Total Orders . | . . . . . Ally Attacks 28 | . . . 28 . Total Damage 314 | . . . 314 . Kills 8 | . . . 8 . Allies Corrupted . | . . . . . Allies Melted . | . . . . . Intel | -11 -10 -10 -9 -9 ------- Run | Scr Mat Min Mat Min Robot Analysis Total 1 | . 1 . . . Derelict Logs Recovered 1 | . . 1 . . Drone Launches . | . . . . . Drone Recoveries . | . . . . . Exploration | -11 -10 -10 -9 -9 ------------- Run | Scr Mat Min Mat Min Turns Passed 1228 | 62 175 433 281 277 Spaces Moved 926 | 43 154 367 170 192 Core 31 | 1 . . . 30 Treads . | . . . . . Legs . | . . . . . Wheels 895 | 42 154 367 170 162 Hover . | . . . . . Flight . | . . . . . Fastest Speed 50 | 50 100 90 90 50 Average Speed 96 | 98 100 96 99 92 Slowest Speed 100 | 100 100 100 100 100 Overloaded Moves . | . . . . . Propulsion Burnouts . | . . . . . Robots Hopped . | . . . . . Cave-ins Triggered . | . . . . . Exploration Rate (%) 34 | 3 29 84 25 29 Regions Visited 4 Branch Regions 2 Pre-discovered Areas 1 | . . . . 1 Known Exits Taken . | . . . . . Unknown Exits Taken 4 | 1 1 1 1 . Scrap Searched 1 | . . 1 . . Spaces Dug 11 | . . . . 11 Terrain Destroyed 84 | . . . 13 71 Melee . | . . . . . Projectile 2 | . . . . 2 AOE 82 | . . . 13 69 Actions | -11 -10 -10 -9 -9 --------- Run | Scr Mat Min Mat Min Total 1118 | 59 173 412 225 249 Wait 33 | 7 3 10 3 10 Move 922 | 42 153 366 169 192 Hop . | . . . . . Pick Up 27 | 5 6 3 6 7 Fast Attach 16 | 5 1 3 6 1 Attach 9 | . 1 2 1 5 Detach 2 | . . 2 . . Swap 8 | . . 2 . 6 Drop 15 | . 5 4 5 1 Fire 86 | . 4 20 35 27 Melee . | . . . . . Ram . | . . . . . Kick . | . . . . . Crush . | . . . . . Escape Stasis . | . . . . . Rewire . | . . . . . Trap . | . . . . . Miscellaneous . | . . . . . Route ------- -11/Scrapyard -10/Materials -10/Mines -9/Materials -9/Mines History --------- Turn | Location | Event 29 | -11/Scrapyard | Discovered new exit (range 15) 63 | -11/Scrapyard | Entered Materials 229 | -10/Materials | Discovered new exit (range 10) 238 | -10/Materials | Entered Mines 265 | -10/Mines | Received a Rocket Launcher from a helpful Derelict 309 | -10/Mines | Build established: Mutant 350 | -10/Mines | Found a damaged Exp. Sensor Array with a note attached 357 | -10/Mines | Found Prototype Device 360 | -10/Mines | Identified Exp. Sensor Array 429 | -10/Mines | Lost 3 parts (1p2w) 613 | -10/Mines | Learned Materials machine intel 634 | -10/Mines | Assisted by bots powering up and referring to "LRC-V3" 656 | -10/Mines | Discovered new exit (range 9) 671 | -10/Mines | Entered Materials 671 | -9/Materials | Accompanied by 3 allies 671 | -9/Materials | Evolved 2 slots: Utility x2 672 | -9/Materials | Loaded intel: 64 machine locations 940 | -9/Materials | Discovered new exit (range 7) 952 | -9/Materials | Entered Mines 953 | -9/Mines | Learned location of Storage (-7) 958 | -9/Mines | Assembled infested the area 963 | -9/Mines | Assisted by a Guerilla fighting off Assembled 1009 | -9/Mines | Destroyed 16 combat bots 1120 | -9/Mines | Met a Derelict shopkeep closing up shop 1197 | -9/Mines | Core integrity fell below 50% 1204 | -9/Mines | Released all parts (5) 1223 | -9/Mines | Core integrity fell below 20% 1229 | -9/Mines | Destroyed by D-53 Grenadier with Mini Grenade Launcher Last Messages --------------- 01204_ U-05 Engineer lays Concrete. 01204_ Imp. Shield Generator destroyed. 01204_ Arm. Wheel destroyed. 01204_ Released Lrg. Storage Unit. 01204_ Released Visual Processing Unit. 01204_ Released Imp. Targeting Computer. 01204_ Released Arm. Wheel. 01204_ Released Gauss Cannon. 01205_ The unstable cave ceiling collapses. 01205_ U-05 Engineer lays Concrete. 01205_ K-01 Serf collects debris. 01206_ The unstable cave ceiling collapses. 01206_ Lightning Gun crushed. 01206_ U-05 Engineer lays Concrete. 01208_ K-01 Serf collects debris. 01209_ U-05 Engineer lays Concrete. 01210_ U-05 Engineer builds a Wall. 01212_ K-01 Serf collects debris. 01214_ U-05 Engineer builds a Wall. 01228_ U-05 Engineer lays Concrete. Map ----- +----------------------------------------------------+ | ????????????????????????????????????????????? | | ????????????????????????????????????????????? | | ????????????????????????????????????????????? | | ????????????????????????????????????????????? | | ?????????????????????? ????????????????????? | | ?????????????????????? ??????????????????? | | ?????????????????????? ###???????????????? | | ?????????????????????? ##?????????????? | | ?????????????????????? ?????????????? | | ?????????????????????? *! ??????????????? | | ?????????????????????? [%#??????????????? | | ?????????????####????? =#??????????????? | | ????????????## #??## ???????????????? | | ????????????# ### ????????????????? | | ????????????? ?????????????????? | | ?????????????? #?????????????????? | | ??????????????? ##????????????????? | | ???????????????? #????????????????? | | ????????????????## #????????????????? | | ???????????###### #?????????????????? | | ??????????## # ]=[ #?????????????????? | | ???######## # ]!# #?????????????????? | | ??##""## ### #=! # #??????###????????? | | ??#"| [# # # #???####T#????????? | | ??#"!! # #k ## ##???# #????????? | | ??#" k@ # ###### #????????? | | ??#"= #X ## ## #????????? | | ??##""## #### # #????????? | | ???##### #### #????????? | | ???????# ###### #????????? | | ???????# ## #????????? | | ??????## ###d u ###????????? | | ??????# # # ## #### # ####??????????? | | ?????## ### # # # #????????????? | | ?????# ##?#### ## #????????????? | | ?????## ##?????### # ##??####??????? | | ?????# #????????### ##??# ##?????? | | ?????## # #???????## ! *#### ##????? | | ??????# # #??????# * #????? | | ??????# ## #?????# #????? | | ?????##< ### #????# ##????? | | ????## #### #????## ##?????? | | ????# ### ##?????# ##### ##??????? | | ????# #?###??????## ##????###???????? | | ????# #???????????####???????????????? | | ????## ##??????????????????????????????? | | ?????########???????????????????????????????? | | ????????????????????????????????????????????? | | ????????????????????????????????????????????? | | ????????????????????????????????????????????? | +----------------------------------------------------+ Best States ------------- Heat Dissipation 28 Energy Generation 14 Energy Capacity 280 Matter Stores 300 Matter Capacity 300 Sight Range 18 Terrain Scan Density 10 Evasion (%) 50 Targeting Accuracy 6 Item Schematics ----------------- None Robot Schematics ------------------ None Fabricated ------------ Nothing Alien Tech Used ----------------- None Achievements -------------- Exterminator Challenges ------------ None Game ------ Seed ZioniteArmoredDriver Manual? 0 Play Time 00:15:56 Cumulative 479.0 hours Start 2020.05.19 @ 23:14:34 End 2020.05.19 @ 23:36:55 Sessions 1 Manual Loads 0 Difficulty Rogue Special Mode None Game No. 308 Rogue 308 Adventurer 0 Explorer 0 Win Type - Total 32 Types 21/1/5/5/0/0/0 Lore% 88 Gallery% 89 Achievement% 76 Wizard Run 0 Options --------- ASCII 1 Keyboard 0 Movement Numpad Keybinds 0 Fullscreen 1 Font 20/SmallcapsGlow Map View 98x62 Tactical HUD 1 Map Filters NONE Filters NONE Steam 1 RUN: 9b001fba-80c6-4ce3-a27c-2a9f8a7a5fcd